 Seeded DCSS version 0.29-a0-676-ga64570c9d2 (webtiles) character file.

Game seed: 11281427841516483749 (custom seed)

25 zeratav the Shooter (level 3, 0/21 HPs)
             Began as a Tengu Hunter on June 24, 2022.
             Slain by Jessica
             ... wielding a +0 club
              (2 damage)
             ... on level 2 of the Dungeon.
             The game lasted 00:01:11 (901 turns).

zeratav the Shooter (Tengu Hunter)                   Turns: 901, Time: 00:01:12

Health: 0/21       AC:  3    Str: 11    XL:     3   Next: 4%
Magic:  4/4        EV: 12    Int:  9    God:
Gold:   23         SH:  0    Dex: 19    Spells: 2/2 levels left

rFire   . . .      SeeInvis .   a - +1 shortbow {bow}
rCold   . . .      Faith    .   (shield currently unavailable)
rNeg    . . .      Spirit   .   b - +0 leather armour
rPois   .          Reflect  .   (helmet restricted)
rElec   .          Harm     .   (no cloak)
rCorr   .          Rampage  .   (no gloves)
Will    .....                   (boots unavailable)
Stlth   ++........              (no amulet)
HPRegen 0.07/turn               (no ring)
MPRegen 0.09/turn               (no ring)

@: no status effects
A: beak, talons 3
a: no special abilities


You were on level 2 of the Dungeon.
You visited 1 branch of the dungeon, and saw 2 of its levels.

You collected 23 gold pieces.


Innate Abilities, Weirdness & Mutations

You have a beak for a mouth.
You have claws for feet.


   Skills:
 - Level 2.0 Fighting
 - Level 4.3 Bows
 - Level 2.1 Dodging
 + Level 3.1 Stealth


You had 2 spell levels left.
You didn't know any spells.
Your spell library was empty.

Inventory:

Hand Weapons
 a - a +1 shortbow (weapon) {bow}
Armour
 b - a +0 leather armour (worn)
Scrolls
 c - a scroll of immolation {!r!r}
 d - a scroll of identify {unknown}
 e - a scroll of magic mapping {unknown}
 g - a scroll of enchant armour {unknown}
 h - a scroll of fear {unknown}
Potions
 f - 2 potions of mutation {unknown}

Dungeon Overview and Level Annotations

Branches:
Dungeon (2/15) Zot: 11083

Altars:

Annotations:
D:2 Jessica

#.<.....#
####.#### .
#.# #. #.# ..
#.###### .#
#......# .#
######.# .#
#.####.#####.
#..@@)†......
##.###).....#
#.# .####.#
#.# .# #.# .#
#.# .§ #.# ..
... .. #.#


You could see Jessica (fast).


Message History

The jackal misses you.
The jackal bites you but does no damage.
The kobold barely misses you.
You shoot an arrow. The arrow closely misses the kobold.
The jackal bites you but does no damage.
Jessica the Apprentice Sorceress comes into view.
She is wielding a +0 club.
The kobold barely misses you.
The jackal bites you but does no damage.
The kobold hits you with a +0 dagger.
HP[-2]
You take 2 damage, and now have 13/17 hp.
You shoot an arrow. The arrow completely misses the kobold.
Jessica shouts!
The jackal bites you. The jackal closely misses you.
Jessica shouts, "You're disturbing me!
I'll have to kill you!"
Jessica casts a spell.
Jessica blinks!
The kobold closely misses you. The kobold barely misses you.
HP[-1]
You take 1 damage, and now have 12/17 hp.
You are too injured to fight recklessly!
You are too injured to fight recklessly!
You are too injured to fight recklessly!
You are too injured to fight recklessly!
Unknown command.
The kobold attacks as you move away! The kobold misses you.
Shoot: a) +1 shortbow {bow}
Press: ? - help, Q - select action Shift-Dir - straight line, f/p - kobold
Aim: a kobold, wielding a +0 dagger (heavily wounded, 58% to hit)
You shoot an arrow. The arrow hits the jackal!
You kill the jackal!
The kobold throws a stone.
The stone barely misses you.
Shoot: a) +1 shortbow {bow}
Press: ? - help, Q - select action Shift-Dir - straight line, f/p - kobold
Aim: a kobold, wielding a +0 dagger (heavily wounded, 58% to hit)
You shoot an arrow. The arrow barely misses the kobold.
The arrow hits the kobold.
You kill the kobold!
The kobold misses you. x2
Your Stealth skill increases to level 3!
Shoot: a) +1 shortbow {bow}
Press: ? - help, Q - select action Shift-Dir - straight line, f - kobold
Aim: a kobold, wielding a +0 short sword (58% to hit)
You shoot an arrow. The arrow hits the kobold!
You kill the kobold!
You have reached level 3!
Your experience leads to an increase in your attributes!
Increase (S)trength, (I)ntelligence, or (D)exterity?
You feel agile. x2
HP[+4] MP[+1]
You now have 21 max hp (+4).
You regained 4 hp, and now have 16/21 hp.
Your mp is fully restored (4).
Shoot: a) +1 shortbow {bow}
Press: ? - help, Q - select action Shift-Dir - straight line, f - kobold
Aim: a kobold, wielding a +0 club and quivering stones (59% to hit)
You shoot an arrow. The arrow hits the kobold.
The kobold hits you but does no damage.
Shoot: a) +1 shortbow {bow}
Press: ? - help, Q - select action Shift-Dir - straight line, f/p - kobold
Aim: a kobold, wielding a +0 club and quivering stones (moderately wounded, 59% to hit)
You shoot an arrow. The arrow hits the kobold!
You kill the kobold!
Jessica mumbles some strange words.
Jessica seems to speed up.
Shoot: a) +1 shortbow {bow}
Press: ? - help, Q - select action Shift-Dir - straight line, f - Jessica
Aim: Jessica, wielding a +0 club and wearing a +0 robe (fast, 65% to hit)
You shoot an arrow. The arrow barely misses Jessica.
Jessica gestures at you while chanting. You resist with some effort.
Shoot: a) +1 shortbow {bow}
Press: ? - help, Q - select action Shift-Dir - straight line, f/p - Jessica
Aim: Jessica, wielding a +0 club and wearing a +0 robe (fast, 65% to hit)
You shoot an arrow. The arrow closely misses Jessica.
Jessica looks very angry.
Jessica hits you with a +0 club.
* * * LOW HITPOINT WARNING * * *
Jessica gestures at you while chanting. Pain shoots through your body!
* * * LOW HITPOINT WARNING * * *
HP[-10]
You take 10 damage, and now have 6/21 hp.
MASSIVE DAMAGE!! (PAUSE) Shoot: a) +1 shortbow {bow}
Press: ? - help, Q - select action Shift-Dir - straight line, f/p - Jessica
Aim: Jessica, wielding a +0 club and wearing a +0 robe (fast, 65% to hit)
You shoot an arrow. The arrow hits Jessica.
Jessica hits you with a +0 club.
* * * LOW HITPOINT WARNING * * *
Jessica grins evilly.
Jessica hits you with a +0 club.
* * * LOW HITPOINT WARNING * * *
HP[-4]
You take 4 damage, and now have 2/21 hp.
Shoot: a) +1 shortbow {bow}
Press: ? - help, Q - select action Shift-Dir - straight line, f/p - Jessica
Aim: Jessica, wielding a +0 club and wearing a +0 robe (moderately wounded, fast, 65% to hit)
You shoot an arrow. The arrow completely misses Jessica.
Jessica closely misses you. Jessica hits you with a +0 club.
You die...

Skill      XL: |  1  2 |
---------------+-------+-----
Stealth        | 2 3 |  3.1
Fighting       | |  2.0
Bows           | |  4.3
Dodging        | |  2.1

Action                   || total
-------------------------++-------
 Fire: Shortbow          ||    44
Armor: Leather armour    ||     9
Dodge: Dodged            ||    17

Levels and vault maps discovered:
D:1:      nzn_arrival_crosshair, layout_basic,
          dilly_ecumenical_altar_fadedgnrine
D:2:      layout_loops_ring, serial_shops, nicolae_shop_hallway_stairs,
          uniq_jessica

Notes
Turn   | Place    | Note
-------+----------+-------------------------------------------
     0 | D:1      | zeratav the Tengu Hunter began the quest for the Orb.
     0 | D:1      | Reached XP level 1. HP: 12/12 MP: 2/2
     0 | D:1      | magus.rc [v1.9.6]
   357 | D:1      | Reached skill level 2 in Stealth
   357 | D:1      | Reached XP level 2. HP: 17/17 MP: 3/3
   720 | D:1      | Found a faded altar of an unknown god.
   890 | D:2      | Noticed Jessica
   895 | D:2      | Reached skill level 3 in Stealth
   896 | D:2      | Reached XP level 3. HP: 16/21 MP: 4/4
   900 | D:2      | HP: 4/21 [Jessica/+0 club (2)]
   901 | D:2      | Slain by Jessica

Vanquished Creatures
  An endoplasm (D:1)
  A giant cockroach (D:2)
  A goblin (D:1)
  4 jackals (D:2)
  4 quokkas (D:1)
  A bat (D:1)
  A frilled lizard (D:1)
  7 kobolds
  A rat (D:2)
21 creatures vanquished.

Vanquished Creatures (others)
  12 plants (D:1)
12 creatures vanquished.

Grand Total: 33 creatures vanquished

Table legend:
 A = Non-vault XP
 B = Vault XP
 C = Vault XP percentage of total XP
 D = Non-vault monster count
 E = Vault monster count
 F = Vault count percentage of total count
                 A         B        C        D         E       F
            +---------+---------+-------+---------+---------+-------
      Total |      36 |       0 |   0.0 |      21 |       0 |   0.0
            +---------+---------+-------+---------+---------+-------
        D:1 |      19 |       0 |   0.0 |      12 |       0 |   0.0
        D:2 |      17 |       0 |   0.0 |       9 |       0 |   0.0
            +---------+---------+-------+---------+---------+-------

Illustrated notes

Table legend:
 A = Kills in this place as a percentage of kills in entire the game.
 B = Kills by you in this place as a percentage of kills by you in the entire game.
 C = Kills by friends in this place as a percentage of kills by friends in the entire game.
 D = Other kills in this place as a percentage of other kills in the entire game.
 E = Experience gained in this place as a percentage of experience gained in the entire game.
 F = Experience gained in this place divided by the number of levels of this place that you have seen.
                   A       B       C       D       E      F
               +-------+-------+-------+-------+-------+----------------------
         Total | 100.0 | 100.0 |   N/A |   N/A | 100.0 |  18.0
       Dungeon | 100.0 | 100.0 |   N/A |   N/A | 100.0 |  18.0
               +-------+-------+-------+-------+-------+----------------------

Table legend: (Time is in decaauts)
 A = Elapsed time spent in this place.
 B = Non-inter-level travel time spent in this place.
 C = Inter-level travel time spent in this place.
 D = Time resting spent in this place.
 E = Time spent auto-exploring this place.
 F = Levels seen in this place.
 G = Mean time per level.
                   A        B        C        D        E       F      G
               +--------+--------+--------+--------+--------+-----+--------+
         Total |    914 |    876 |     38 |      0 |    786 |   2 |  457.0 |
       Dungeon |    914 |    876 |     38 |      0 |    786 |   2 |  457.0 |
               +--------+--------+--------+--------+--------+-----+--------+

Top non-repeatable levels by time:
     D:1: 852 daAuts
     D:2: 62 daAuts
